 Dungeon Crawl Stone Soup version 0.27-a0-1296-g8ece459b43 (webtiles) character file.

Game seed: 5760097956716173871

142200 Wyvric the Stormcaller (level 17, -1/136 HPs)
             Began as a Barachi Air Elementalist on June 16, 2021.
             Was an Elder of Ashenzari.
             Slain by a naga warrior (45 damage)
             ... on level 4 of the Snake Pit.
             The game lasted 01:53:52 (36156 turns).

Wyvric the Stormcaller (Barachi Air Elementalist)  Turns: 36156, Time: 01:53:53

Health: -1/136     AC: 23    Str: 16    XL:     17   Next: 34%
Magic:  3/37       EV: 15    Int: 27    God:    Ashenzari [****..]
Gold:   1501       SH:  9    Dex: 23    Spells: 15/48 levels left

rFire    . . .     SeeInvis +   x - +2 rapier (elec)
rCold    + . .     Faith    .   T - +0 buckler "Ruined Fortune-Teller" {Int+4 Dex+4, Self, Melee} (curse)
rNeg     + + .     Spirit   .   H - +0 steam dragon scales "Lashed Together" {Bglg, Melee} (curse)
rPois    +         Reflect  .   j - +2 helmet of the Tethered Sage {Int+3, Fort, Evo} (curse)
rElec    .         Harm     .   J - +0 cloak "Shattered Together" {Elem, Alch} (curse)
rCorr    .         Rampage  .   N - +2 pair of gloves {Dex+3}
Will     ++...     Clarity  +   D - +0 pair of boots
Stlth    ++........             g - amulet "Lashed Ordeal" {Regen+, Melee, Fort} (curse)
HPRegen  1.32/turn              E - ring "Thunder Perfect Mind" {rC+ rN+ Will+ Str+4 Dex+3, Self, Fort} (curse)
MPRegen  0.25/turn              l - ring "Share My Negation" {rPois rN+ AC+4, Evo, Fort} (curse)

@: unable to hop, slow
A: amphibious, slowness 1, strong legs 2, +LOS
a: Hop, Renounce Religion, Curse Item, Shatter the Chains


You were on level 4 of the Snake Pit.
You worshipped Ashenzari.
Ashenzari was greatly pleased with you.
You visited 4 branches of the dungeon, and saw 22 of its levels.
You also visited: Sewer and Bailey.

You collected 2216 gold pieces.
You spent 715 gold pieces at shops.

Inventory:

Hand Weapons
 x - a +2 rapier of electrocution (weapon)
 F - the +8 war axe of Exquisite Torment {flame, Fly rF- rCorr Dex+6}
   (You found it in a bailey)

   It has been specially enchanted to burn those struck by it, causing extra
   injury to most foes and up to half again as much damage against particularly
   susceptible opponents.
   Big, fiery blades are also staple armaments of hydra-hunters.
   It affects your dexterity (+6).
   It makes you vulnerable to fire.
   It grants you flight.
   It protects you from acid and corrosion.
Missiles
 r - 11 atropa-tipped darts
 t - 50 poisoned darts
 M - 8 javelins
 O - 80 boomerangs
 V - a curare-tipped dart {!D}
Armour
 j - the cursed +2 helmet of the Tethered Sage (worn) {Int+3, Fort, Evo}
   (You found it on level 2 of the Dungeon)

   It has a curse which improves the following skills: Fortitude: Armour and
   Shields.
   Evocations: Evocations.
 D - a +0 pair of boots (worn)
 H - the cursed +0 steam dragon scales "Lashed Together" (worn) {Bglg, Melee}
   (You took it off Maggie on level 6 of the Dungeon)

   It has a curse which improves the following skills: Beguiling: Conjurations,
   Hexes and Translocations.
   Melee Combat: Short Blades, Long Blades, Axes, Maces & Flails, Polearms,
   Staves and Unarmed Combat.
 J - the cursed +0 cloak "Shattered Together" (worn) {Elem, Alch}
   (You found it on level 7 of the Dungeon)

   It has a curse which improves the following skills: Elements: Fire Magic, Ice
   Magic, Air Magic and Earth Magic.
   Alchemy:   Poison Magic and Transmutations.
 N - a +2 pair of gloves of dexterity (worn)
 T - the cursed +0 buckler "Ruined Fortune-Teller" (worn) {Int+4 Dex+4, Self, Melee}
   (You acquired it on level 8 of the Dungeon)

   It affects your intelligence (+4).
   It affects your dexterity (+4).
   It has a curse which improves the following skills: Introspection: Fighting
   and Spellcasting.
   Melee Combat: Short Blades, Long Blades, Axes, Maces & Flails, Polearms,
   Staves and Unarmed Combat.
Jewellery
 g - the cursed amulet "Lashed Ordeal" (around neck) {Regen+, Melee, Fort}
   (You found it on level 1 of the Dungeon)

   [amulet of regeneration]

   It increases your rate of health regeneration.
   It has a curse which improves the following skills: Melee Combat: Short
   Blades, Long Blades, Axes, Maces & Flails, Polearms, Staves and Unarmed
   Combat.
   Fortitude: Armour and Shields.
 l - the cursed ring "Share My Negation" (right hand) {rPois rN+ AC+4, Evo, Fort}
   (You acquired it on level 4 of the Dungeon)

   [ring of protection]

   It affects your AC (+4).
   It protects you from poison.
   It protects you from negative energy.
   It has a curse which improves the following skills: Evocations: Evocations.
   Fortitude: Armour and Shields.
 E - the cursed ring "Thunder Perfect Mind" (left hand) {rC+ rN+ Will+ Str+4 Dex+3, Self, Fort}
   (You found it on level 6 of the Dungeon)

   [ring of protection from cold]

   It affects your strength (+4).
   It affects your dexterity (+3).
   It protects you from cold.
   It protects you from negative energy.
   It increases your willpower.
   It has a curse which improves the following skills: Introspection: Fighting
   and Spellcasting.
   Fortitude: Armour and Shields.
Wands
 d - a wand of charming (8)
 f - a wand of acid (5)
 p - a wand of polymorph (18)
 w - a wand of iceblast (6)
 L - a wand of flame (31)
 W - a wand of paralysis (16)
 Y - a wand of mindburst (24)
Scrolls
 a - 4 scrolls of magic mapping
 h - 15 scrolls of teleportation
 m - a scroll of torment
 n - 3 scrolls of fear
 v - 3 scrolls of summoning
 y - a scroll of holy word
 A - 4 scrolls of fog
 B - 4 scrolls of vulnerability
 K - 3 scrolls of enchant weapon
 U - 2 scrolls of blinking
 Z - 6 scrolls of amnesia
Potions
 b - 2 potions of cancellation
 c - 3 potions of resistance
 e - 2 potions of mutation
 i - 3 potions of heal wounds
 k - a potion of invisibility
 o - 8 potions of curing
 q - 6 potions of flight
 u - 3 potions of might
 z - 3 potions of degeneration
 C - 5 potions of brilliance
 I - 4 potions of attraction
 P - 7 potions of berserk rage
 R - 4 potions of lignification
 S - 2 potions of magic
 X - 2 potions of ambrosia
Miscellaneous
 s - a condenser vane
 G - a lightning rod (4/4)
 Q - a piece from Xom's chessboard (15/15)


   Skills:
 - Level 9.7(13.0) Fighting
 + Level 5.4 Throwing
 - Level 9.8(15.0) Armour
 - Level 4.0 Dodging
 - Level 2.0 Stealth
 - Level 9.8(15.0) Shields
 - Level 12.9(16.0) Spellcasting
 * Level 10.0(12.1) Conjurations
 - Level 19.3(21.0) Air Magic
 - Level 8.6(12.0) Evocations


You had 15 spell levels left.
You knew the following spells:

 Your Spells              Type           Power      Damage    Failure   Level
a - Shock                 Conj/Air       100%       1d9       0%          1
b - Static Discharge      Conj/Air       84%        N/A       0%          2
c - Lightning Bolt        Conj/Air       42%        1d61      1%          5
d - Airstrike             Air            47%        N/A       0%          4
e - Chain Lightning       Conj/Air       42%        3d56      95%         9
k - Blink                 Tloc           N/A        N/A       3%          2
l - Summon Lightning Spi  Summ/Air       67%        N/A       1%          4
n - Swiftness             Air            94%        N/A       0%          3
x - Apportation           Tloc           46%        N/A       1%          1
z - Sublimation of Blood  Necr           10%        N/A       3%          2

Your spell library contained the following spells:

 Spells                   Type           Power      Damage    Failure   Level
 Corona                   Hex            25%        N/A       1%          1
 Corpse Rot               Necr/Air       N/A        N/A       1%          2
 Animate Skeleton         Necr           42%        N/A       2%          1
 Summon Small Mammal      Summ           84%        N/A       2%          1
 Call Imp                 Summ           21%        N/A       3%          2
 Gell's Gravitas          Tloc           11%        N/A       6%          3
 Lesser Beckoning         Tloc           11%        N/A       6%          3
 Teleport Other           Tloc           23%        N/A       6%          3
 Tukima's Dance           Hex            23%        N/A       6%          3
 Call Canine Familiar     Summ           21%        N/A       7%          3
 Summon Guardian Golem    Hex/Summ       22%        N/A       7%          3
 Dispel Undead            Necr           21%        3d11      22%         4
 Summon Ice Beast         Ice/Summ       22%        N/A       22%         4
 Alistair's Intoxication  Tmut/Pois      15%        N/A       50%         5
 Manifold Assault         Tloc           23%        N/A       50%         5
 Agony                    Necr           21%        N/A       54%         5
 Excruciating Wounds      Necr           10%        N/A       54%         5
 Invisibility             Hex            11%        N/A       97%         6
 Lehudib's Crystal Spear  Conj/Erth      26%        10d7      100%        8
 Fire Storm               Conj/Fire      26%        8d7       100%        9
 Polar Vortex             Ice            11%        N/A       100%        9


Dungeon Overview and Level Annotations

Branches:
Dungeon (11/15)            Temple (1/1) D:5            Lair (6/6) D:9
  Swamp (0/4) Lair:4        Snake (4/4) Lair:4        Slime (0/5) Lair:5
    Orc (0/2) D:10          Sewer (visited)          Bailey (visited)

Altars:
Ashenzari
Cheibriados
Dithmenos
Elyvilon
Fedhas
Gozag
Hepliaklqana
Kikubaaqudgha
Makhleb
Nemelex Xobeh
Okawaru
Qazlal
Ru
Sif Muna
Trog
Uskayaw
Vehumet
Wu Jian
Xom
Yredelemnul
Zin
The Shining One
Jiyva

Shops:
D:2 *   D:9 !   Snake:2 =   Snake:3 =:=

Annotations:
Lair:6 2 transporters, nghtshd's ghost, journeyman GrEE
Snake:3 3 runed translucent doors, Johnny's ghost, adept DEEE
Snake:4 exclusion: 2 doors


Innate Abilities, Weirdness & Mutations

You are amphibious.
You cover ground slowly.
You can hop long distances.
You have an extended range of vision and can be seen from far away.


Message History

The bolt of poison misses you. The naga hits you but does no damage.
The naga warrior loses its grip on you.
The naga warrior shouts!
Aim: a naga, wielding a +0 halberd, wearing a +0 robe and carrying a wand of iceblast (10) (severely wounded, strong, chance to affect: 83%)
The naga's mind is blasted!
You blow up the naga!
You feel sick.
Okay, then.
The mass of ice explodes!
The iceblast engulfs the naga warrior!!
Your attack snaps the naga warrior out of its fear.
The iceblast engulfs the naga warrior!
You feel sick. The naga warrior spits poison at you.
The splash of poison misses you.
Cornered, the guardian serpent turns to fight!
Okay, then.
The mass of ice explodes!
The iceblast engulfs the naga warrior! x2
You feel sick. The naga warrior barely misses you.
The naga warrior roars a battlecry!
The naga warrior goes into a battle-frenzy!
The mass of ice explodes!
The iceblast engulfs the naga warrior!! x2
You feel sick.
You are no longer poisoned.
You hear a shout!
The guardian serpent casts a spell at you.
The bolt of poison hits you. You resist.
* * * LOW HITPOINT WARNING * * *
You block the naga warrior's attack.
The mass of ice explodes!
The iceblast engulfs the naga warrior!!
The iceblast engulfs the guardian serpent!!
You kill the guardian serpent!
The iceblast engulfs the naga warrior!
You kill the naga warrior!
The naga warrior hits you from afar with a +0 halberd of freezing!!
* * * LOW HITPOINT WARNING * * *
The naga warrior freezes you.
* * * LOW HITPOINT WARNING * * *
Your base Conjurations skill increases to level 10!
You feel much better.
The naga warrior hits you from afar with a +0 halberd of freezing!!!
You die...

.###.##.#### ####.##
..##......#### ###.##
..####.##.##################.##
..####.......###############.##
....#####.##.#...............##
......###+##.#.################
......##.......###############
(.....##....##...).#
...{..##....##).@..#
).....#####.##.....##
)...#######..)N....####
†############......####
)#)N))).S.[[[[†.)..'.##
.).†#########.[...÷#.##
.N..#########...[[<#.##
........############.##
.....##.###..........##


You could see a naga warrior (strong, catching breath).

Vanquished Creatures
  Jorgrun (Snake:2)
  Kirke (Lair:4)
  3 nagarajas
  Aizul (Snake:1)
  A dire elephant (Lair:6)
  Snorg (Lair:5)
  The ghost of PonderousOgre the Grappler, a journeyman TrMo of Nemelex Xobeh (D:9)
  A fire dragon (Lair:6)
  10 naga warriors
  3 boulder beetles
  5 hydras
  The ghost of Froggeryz the Martial Artist, a journeyman OpBe of Trog (D:10)
  2 catoblepae
  7 anacondas
  A two-headed ogre (D:10)
  3 death yaks (Lair:6)
  12 naga sharpshooters
  8 shock serpents
  4 salamander mystics
  2 naga ritualists (Snake:4)
  4 lindwurms (Lair:6)
  7 mana vipers
  An orc knight (Bailey)
  10 salamanders
  10 elephants
  3 oklob plants
  2 manticores (Lair:6)
  Joseph (D:7)
  6 guardian serpents
  24 black mambas
  5 torpor snails (Lair:6)
  Maggie (D:6)
  14 naga magi
  An unseen horror (D:10)
  12 cane toads
  A komodo dragon (shapeshifter) (D:9)
  3 komodo dragons
  3 rime drakes
  3 tyrant leeches (Lair:6)
  10 hornets
  2 trolls
  14 blink frogs
  2 dream sheep (Lair:6)
  Sigmund (D:4)
  A shadow (D:9)
  2 wraiths
  67 yaks
  6 wyverns
  A hog (Lair:4)
  2 basilisks
  6 vampire mosquitoes (Lair:1)
  2 steam dragons
  2 acid dragons
  43 nagas
  Duvessa (D:4)
  16 water moccasins
  12 orc warriors
  A swamp drake (Lair:1)
  An ice beast (D:7)
  5 black bears
  A necrophage (D:6)
  14 wolves
  3 centaurs
  6 ogres
  A phantom (D:4)
  Blork the orc (D:6)
  4 kobold brigands
  4 bullfrogs
  8 gnoll sergeants
  A scorpion (D:5)
  Dowan (D:4)
  2 killer bees (D:9)
  3 howler monkeys
  An electric eel (Lair:1)
  4 bullfrog zombies
  3 centaur zombies
  3 centaur skeletons
  2 gnoll shamans
  2 hounds (D:5)
  7 jellies
  5 orc priests
  A bullfrog skeleton (D:5)
  5 iguanas
  4 orc wizards
  10 hell rats
  A killer bee zombie (D:5)
  A hound skeleton (D:4)
  3 howler monkey zombies
  17 gnolls
  5 adders
  5 worms
  5 dart slugs
  35 orcs
  12 ball pythons
  10 bats
  21 endoplasms
  A giant cockroach (D:1)
  12 goblins
  8 hobgoblins
  14 jackals
  6 quokkas
  6 frilled lizards
  33 kobolds
  7 rats
  2 fungi (Lair:4)
676 creatures vanquished.

Vanquished Creatures (collateral kills)
  A kobold (D:4)
1 creature vanquished.

Vanquished Creatures (others)
  2 humans (Lair:4)
  47 fungi
  76 plants
  3 withered plants (D:7)
128 creatures vanquished.

Grand Total: 805 creatures vanquished

Notes
Turn   | Place    | Note
-------+----------+-------------------------------------------
     0 | D:1      | Wyvric the Barachi Air Elementalist began the quest for the
                  | Orb.
     0 | D:1      | Reached XP level 1. HP: 13/13 MP: 3/3
   242 | D:1      | Reached XP level 2. HP: 15/19 MP: 0/5
   521 | D:1      | Learned a level 2 spell: Static Discharge
  1603 | D:2      | Found Ywuripoem's General Store.
  1606 | D:2      | Reached XP level 3. HP: 24/24 MP: 2/7
  1698 | D:2      | Learned a level 3 spell: Swiftness
  2003 | D:2      | Reached skill level 4 in Air Magic
  2169 | D:1      | Reached XP level 4. HP: 30/30 MP: 1/8
  2896 | D:3      | Found a radiant altar of Vehumet.
  2976 | D:3      | Reached skill level 5 in Air Magic
  2976 | D:3      | Reached XP level 5. HP: 35/35 MP: 5/10
  3019 | D:3      | Learned a level 4 spell: Airstrike
  3182 | D:3      | Found a faded altar of an unknown god.
  3223 | D:3      | Found a burning altar of Makhleb.
  3345 | D:2      | Bought a scroll of teleportation for 39 gold pieces
  4040 | D:4      | Identified a scroll of acquirement
  4040 | D:4      | Acquired the ring of Voesaup {rPois rN+ AC+4}
  4259 | D:4      | Found a glowing drain.
  4259 | D:4      | Noticed Sigmund
  4298 | D:4      | Killed Sigmund
  4299 | D:4      | Reached skill level 6 in Air Magic
  4299 | D:4      | Reached XP level 6. HP: 41/41 MP: 6/12
  4358 | Sewer    | Entered a sewer
  4614 | Sewer    | Reached skill level 7 in Air Magic
  5284 | D:4      | Reached XP level 7. HP: 42/46 MP: 3/13
  5658 | D:4      | Noticed Duvessa
  5658 | D:4      | Noticed Dowan
  5785 | D:4      | Reached skill level 8 in Air Magic
  5898 | D:4      | Reached skill level 1 in Fighting
  5918 | D:5      | Entered Level 5 of the Dungeon
  6047 | D:5      | Found a staircase to the Ecumenical Temple.
  6081 | Temple   | Entered the Ecumenical Temple
  6183 | Temple   | Became a worshipper of Ashenzari the Shackled
  6335 | D:5      | Reached skill level 5 in Fighting
  6335 | D:5      | Reached XP level 8. HP: 62/62 MP: 4/14
  7349 | D:5      | Found a sacrificial altar of Ru.
  7619 | D:4      | Killed Dowan
  7620 | D:4      | Reached skill level 9 in Air Magic
  7719 | D:4      | Killed Duvessa
  8276 | D:6      | Learned a level 5 spell: Lightning Bolt
  8281 | D:6      | Reached skill level 10 in Air Magic
  8617 | D:6      | Identified the ring of Anoket {rC+ rN+ Will+ Str+4 Dex+3}
  8633 | D:6      | Reached XP level 9. HP: 63/69 MP: 4/16
  8715 | D:6      | Reached skill level 5 in Spellcasting
  9076 | D:6      | Acquired 402 gold pieces
  9171 | D:6      | Noticed Maggie
  9184 | D:6      | Killed Maggie
  9388 | D:6      | Noticed Blork the orc
  9539 | D:6      | Killed Blork the orc
  9810 | D:6      | Noticed a troll
  9814 | D:6      | Killed a troll
 10191 | D:7      | Noticed a hornet
 10195 | D:7      | Killed a hornet
 10196 | D:7      | Reached skill level 5 in Armour
 10510 | D:7      | Found an ancient bone altar of Kikubaaqudgha.
 11208 | D:7      | Noticed Joseph
 11339 | D:7      | Killed Joseph
 11340 | D:7      | Reached XP level 10. HP: 60/79 MP: 11/20
 11715 | D:7      | Reached skill level 11 in Air Magic
 12249 | D:8      | Acquired the +0 buckler of Volub {Int+4 Dex+4}
 12575 | D:8      | Reached skill level 1 in Shields
 13191 | D:8      | Reached skill level 12 in Air Magic
 13758 | D:9      | Found a runed translucent door.
 13764 | D:9      | Noticed a death drake
 13797 | D:9      | Found a large runed translucent door.
 13798 | D:9      | Noticed PonderousOgre's ghost (journeyman TrMo)
 13801 | D:9      | Found a large runed translucent door.
 13853 | D:9      | Noticed an elephant
 13926 | D:9      | Killed an elephant
 14058 | D:9      | Reached * piety under Ashenzari
 14091 | D:9      | Found Zerphama's Distillery.
 14098 | D:9      | Bought 2 potions of resistance for 260 gold pieces
 14474 | D:9      | Found a staircase to the Lair.
 14545 | D:9      | Reached XP level 11. HP: 77/87 MP: 8/23
 14752 | D:10     | Entered Level 10 of the Dungeon
 14840 | D:10     | Noticed a two-headed ogre
 14844 | D:10     | Killed a two-headed ogre
 14845 | D:10     | Reached skill level 13 in Air Magic
 14864 | D:10     | Found a staircase to the Orcish Mines.
 15046 | D:10     | Found a runed translucent door.
 15046 | D:10     | Noticed Froggeryz's ghost (journeyman OpBe)
 15563 | D:10     | Found a snail-covered altar of Cheibriados.
 15607 | D:10     | Found a white marble altar of Elyvilon.
 15773 | D:10     | Noticed a boulder beetle
 15797 | D:10     | Reached skill level 14 in Air Magic
 15915 | D:10     | Killed a boulder beetle
 16356 | D:10     | Killed Froggeryz's ghost
 16580 | D:11     | Found a flagged portal.
 16603 | D:11     | Noticed a cyclops
 16612 | Bailey   | Entered a bailey
 16682 | Bailey   | Noticed an orc knight
 16795 | Bailey   | Killed an orc knight
 16796 | Bailey   | Reached skill level 15 in Air Magic
 16834 | Bailey   | Reached skill level 1 in Evocations
 17045 | Bailey   | Identified the +8 war axe of Exquisite Torment {flame, Fly
                  | rF- rCorr Dex+6}
 17415 | D:9      | Reached skill level 5 in Shields
 17427 | D:9      | Reached XP level 12. HP: 64/95 MP: 1/25
 17606 | D:9      | Killed PonderousOgre's ghost
 17607 | D:9      | Reached skill level 5 in Evocations
 17797 | D:9      | Bought a potion of invisibility for 104 gold pieces
 17797 | D:9      | Bought a potion of magic for 104 gold pieces
 17797 | D:9      | Bought a potion of brilliance for 52 gold pieces
 17797 | D:9      | Bought a potion of brilliance for 52 gold pieces
 17797 | D:9      | Bought a potion of berserk rage for 65 gold pieces
 17797 | D:9      | Bought a potion of lignification for 39 gold pieces
 17836 | Lair:1   | Entered Level 1 of the Lair of Beasts
 19173 | Lair:2   | Noticed a boulder beetle
 19185 | Lair:2   | Killed a boulder beetle
 19351 | Lair:2   | Reached ** piety under Ashenzari
 19418 | Lair:2   | Reached skill level 10 in Spellcasting
 19439 | Lair:2   | Noticed a four-headed hydra
 19501 | Lair:2   | Killed a four-headed hydra
 19858 | Lair:2   | Gained mutation: You can hop long distances. [Barachi
                  | growth]
 19858 | Lair:2   | Reached XP level 13. HP: 89/103 MP: 0/30
 21670 | Lair:3   | Reached *** piety under Ashenzari
 21915 | Lair:4   | Found a staircase to the Swamp.
 22730 | Lair:4   | Noticed Kirke
 22746 | Lair:4   | Killed Kirke
 22843 | Lair:4   | Learned a level 4 spell: Summon Lightning Spire
 23188 | Lair:4   | Found a staircase to the Snake Pit.
 23535 | Lair:5   | Reached **** piety under Ashenzari
 23579 | Lair:5   | Found a viscous altar of Jiyva.
 23579 | Lair:5   | Found a staircase to the Slime Pits.
 23955 | Lair:5   | Noticed Snorg
 23962 | Lair:5   | Killed Snorg
 23963 | Lair:5   | Reached XP level 14. HP: 110/116 MP: 9/33
 24331 | Lair:6   | Entered Level 6 of the Lair of Beasts
 24724 | Lair:6   | Found a bloodstained altar of Trog.
 24725 | Lair:6   | Noticed nghtshd's ghost (journeyman GrEE)
 24758 | Lair:6   | Found a transporter.
 24939 | Lair:6   | Found a transporter.
 25474 | Lair:6   | Noticed a dire elephant
 25488 | Lair:6   | Reached skill level 16 in Air Magic
 25488 | Lair:6   | Killed a dire elephant
 25640 | Lair:6   | Reached XP level 15. HP: 123/123 MP: 35/35
 26258 | Lair:6   | Found a runed translucent door.
 26524 | Lair:6   | Reached skill level 17 in Air Magic
 27164 | Lair:6   | Identified the +0 pair of boots "Tuveatz" {Harm rC+ Slay+3}
 27345 | Snake:1  | Entered Level 1 of the Snake Pit
 27459 | Snake:1  | Learned a level 2 spell: Sublimation of Blood
 28472 | Lair:4   | Learned a level 1 spell: Apportation
 28716 | Snake:1  | Reached XP level 16. HP: 129/130 MP: 25/36
 28845 | Snake:1  | Reached skill level 18 in Air Magic
 29034 | Snake:1  | Noticed Aizul
 29078 | Snake:1  | Killed Aizul
 29502 | Snake:2  | Found Pougoil's Jewellery Boutique.
 29503 | Snake:2  | Noticed a nagaraja
 29508 | Snake:2  | Killed a nagaraja
 29533 | Snake:2  | Noticed Jorgrun
 29547 | Snake:2  | Killed Jorgrun
 30818 | Snake:3  | Reached skill level 19 in Air Magic
 31038 | Snake:3  | Found a runed translucent gate.
 31038 | Snake:3  | Found a runed translucent gate.
 31038 | Snake:3  | Noticed Johnny's ghost (adept DEEE)
 31039 | Snake:3  | Found a runed translucent gate.
 31302 | Snake:3  | Identified the +1 whip of Corporal Punishment {freeze,
                  | Int+6}
 32303 | Snake:3  | Identified the ring "Zurchom" {Int+6 Dex+3 Slay+3}
 32308 | Snake:3  | Found Oqyku's Jewellery Shoppe.
 32308 | Snake:3  | Found Eniroil's Book Boutique.
 32310 | Snake:3  | Found Fela's Jewellery Shoppe.
 32695 | Snake:3  | Learned a level 9 spell: Chain Lightning
 32698 | Snake:3  | Learned a level 2 spell: Blink
 32944 | Snake:3  | Reached skill level 5 in Conjurations
 32945 | Snake:3  | Reached skill level 1 in Throwing
 33582 | Snake:4  | Entered Level 4 of the Snake Pit
 34107 | Snake:4  | Identified the ring of Cakoafoa {rF- MP+9 Dex+6}
 34723 | Snake:4  | Noticed a nagaraja
 34729 | Snake:4  | Reached XP level 17. HP: 131/136 MP: 20/37
 35791 | Snake:4  | Reached skill level 5 in Throwing
 36156 | Snake:4  | Reached skill level 10 in Conjurations
 36156 | Snake:4  | Slain by a naga warrior

Illustrated notes

Levels and vault maps discovered:
D:1:      scummos_arrival_simple_fountains, layout_basic
D:2:      minmay_razor_zed, layout_rooms, serial_shops, shop,
          minmay_misc_feat_enclosed, minmay_misc_feat_tower
D:3:      layout_loops_cross, lemuel_doored_altar, nicolae_vehumet_altar_sigil,
          shapermc_ecumenical_altar_hornbeckon
D:4:      layout_loops_corners, cheibrodos_sewer_entry_bend,
          roderic_roman_lattice, uniq_sigmund, uniq_duvessa
D:5:      layout_loops_ring, nicolae_ru_path_of_blood, minmay_temple_entry_hall
D:6:      layout_layer_cave, uniq_maggie, uniq_blork_the_orc
D:7:      layout_layer_cave, kiku_gazebo_garden_becter, uniq_joseph
D:8:      layout_loops_corners
D:9:      layout_long_grid, david_lair_generic, serial_shops, shop_fountains,
          ebering_ghost_disaster_area, minmay_st_funbox, chequers_mini_garden,
          st_stairs_12
D:10:     layout_layer_cave, amcnicky_altar_gilded, kennysheep_little_box,
          kennysheep_orc_monster_closet_entryway, gammafunk_ghost_grave,
          solitary_fountain
D:11:     layout_stronghold, enter_bailey_5, hangedman_tell_no_tales, uniq_sonja
Temple:   nicolae_temple_x_marks_the_god
Lair:1:   layout_misc_corridors, nicolae_quartered_pool_little, pond,
          minmay_lair_oklob_chamber
Lair:2:   layout_regular_city, lemuel_fruit_tree, serial_bayou_shore_b,
          grunt_megastairs_5
Lair:3:   layout_chaotic_city
Lair:4:   lemuel_slime, layout_cave_pods, swamp_mist,
          guppyfry_snake_entry_island, uniq_kirke
Lair:5:   layout_long_grid, slime_altar_1, uniq_snorg
Lair:6:   hangedman_lair_in_review, layout_gridlike, wormcave,
          gammafunk_ghost_wrathful_warriors, st_stairs_5
Snake:1:  layout_honeycomb, nicolae_snake_slithery_hallway, uniq_aizul
Snake:2:  layout_chambers, serial_shops, shop, uniq_jorgrun
Snake:3:  layout_cave_town, gammafunk_ghost_split, minmay_shop_grove
Snake:4:  johnstein_snake_rune_scales, layout_basic, st_stairs_10,
          nicolae_snake_horde_hoard

Skill      XL: |  1  2  3  4  5  6  7  8  9 10 11 12 13 14 15 16 17 |
---------------+----------------------------------------------------+-----
Conjurations   | 2 3 4 7 10 | 10.0
Spellcasting   | 3 4 6 7 11 12 | 12.9
Air Magic      | 4 5 6 7 8 10 12 15 16 17 19 | 19.3
Fighting       | 5 6 7 9 |  9.7
Dodging        | 3 4 |  4.0
Armour         | 5 6 8 9 |  9.8
Stealth        | 2 |  2.0
Shields        | 4 5 6 9 |  9.8
Evocations     | 3 6 7 8 |  8.6
Throwing       | 3 5 |  5.4

Action                   |  1- 3 |  4- 6 |  7- 9 | 10-12 | 13-15 | 16-18 || total
-------------------------+-------+-------+-------+-------+-------+-------++-------
Melee: Dagger            |       |    14 |       |       |       |       ||    14
       Short sword       |       |    21 |    18 |   104 |       |       ||   143
       War axe           |       |       |       |     1 |       |       ||     1
       Rapier            |       |       |       |    50 |   126 |    84 ||   260
Throw: Dart              |       |       |     8 |       |       |       ||     8
       Stone             |       |       |     2 |       |       |       ||     2
 Cast: Shock             |    65 |   128 |   174 |   260 |   117 |    15 ||   759
       Static Discharge  |     4 |    15 |    32 |    87 |   195 |    86 ||   419
       Swiftness         |       |     1 |       |       |       |       ||     1
       Airstrike         |       |       |    38 |    57 |    88 |   161 ||   344
       Lightning Bolt    |       |       |       |    39 |    50 |   108 ||   197
       Summon Lightning  |       |       |       |       |     1 |       ||     1
Invok: Curse Item        |       |       |     1 |     2 |     4 |       ||     7
 Abil: Hop               |       |     1 |     6 |     5 |     2 |     3 ||    17
Evoke: Wand              |       |       |       |    36 |     8 |    18 ||    62
       Lightning rod     |       |       |       |       |       |     5 ||     5
  Use: Scroll            |     1 |    10 |     4 |     5 |     1 |     2 ||    23
       Potion            |       |     4 |     1 |       |     3 |     2 ||    10
 Stab: Invisible         |       |       |       |       |     1 |       ||     1
       Sleeping          |       |       |       |       |       |     1 ||     1
Armor: Robe              |     1 |     8 |       |       |       |       ||     9
       Ring mail         |       |    14 |    33 |       |       |       ||    47
       Steam dragon scal |       |       |     1 |   123 |   118 |    98 ||   340
Dodge: Dodged            |     3 |    42 |    32 |   186 |   201 |   123 ||   587
Block: Buckler           |       |       |       |    88 |   129 |   109 ||   326

Table legend: (Time is in decaauts)
 A = Elapsed time spent in this place.
 B = Non-inter-level travel time spent in this place.
 C = Inter-level travel time spent in this place.
 D = Time resting spent in this place.
 E = Time spent auto-exploring this place.
 F = Levels seen in this place.
 G = Mean time per level.
                   A        B        C        D        E       F      G
               +--------+--------+--------+--------+--------+-----+--------+
         Total |  39704 |  37616 |   2088 |   4921 |  26469 |  24 | 1654.3 |
       Dungeon |  18196 |  16830 |   1366 |   1360 |  12650 |  11 | 1654.2 |
        Temple |    120 |    106 |     14 |      0 |    102 |   1 |  120.0 |
          Lair |  10568 |  10189 |    379 |   1275 |   7444 |   6 | 1761.3 |
     Snake Pit |   9299 |   8972 |    327 |   2221 |   5217 |   4 | 2324.8 |
         Sewer |    790 |    790 |      0 |      0 |    637 |   1 |  790.0 |
        Bailey |    729 |    729 |      0 |     64 |    418 |   1 |  729.0 |
               +--------+--------+--------+--------+--------+-----+--------+

Top non-repeatable levels by time:
 Snake:3: 3211 daAuts
  Lair:6: 3031 daAuts
     D:6: 2495 daAuts
 Snake:2: 2226 daAuts
 Snake:1: 2139 daAuts
  Lair:4: 2019 daAuts
     D:9: 1988 daAuts
     D:4: 1976 daAuts
    D:10: 1952 daAuts
     D:1: 1877 daAuts
     D:7: 1842 daAuts
  Lair:2: 1778 daAuts
 Snake:4: 1722 daAuts
     D:8: 1589 daAuts
     D:5: 1573 daAuts
